[Event "ICC Open 2015"]
[Site "Internet Chess Club"]
[Date "2015.05.29"]
[Round "4"]
[White "TasteOflover"]
[Black "playformaximum"]
[Result "1-0"]
[ICCResult "Black checkmated"]
[WhiteElo "2785"]
[BlackElo "3012"]
[Opening "QGD: Ragozin variation"]
[ECO "D38"]
[NIC "NI.27"]
[Time "14:37:29"]
[TimeControl "180+0"]

1. d4 Nf6 2. Nf3 d5 3. c4 e6 4. Nc3 Bb4 5. cxd5 exd5 6. Bf4 O-O 7. e3 c5 8.
Bd3 Nc6 9. O-O Bxc3 10. bxc3 Qa5 11. Qc1 Be6 12. Qb2 c4 13. Bc2 b5 14. a3
Qb6 15. h3 a5 16. Rab1 b4 17. axb4 axb4 18. cxb4 Qb5 19. Ne5 Nxe5 20. Bxe5
Nd7 21. Bd6 Rfc8 22. Bc5 Rab8 23. Qc3 Ra8 24. Ra1 Nb6 25. Ra5 Rxa5 26. bxa5
Na4 27. Bxa4 Qxa4 28. Ra1 Qb5 29. a6 Ra8 30. a7 h6 31. f3 Bf5 32. Kh2 Bd3
33. Ra2 Qb3 34. Ra3 Qb5 35. Qb4 Qxb4 36. Bxb4 Bc2 37. Bd6 Bb3 38. Bb8 f5 39.
Kg3 Kf7 40. Kf2 Ke6 41. Ke2 Kd7 42. Kd2 Kc6 43. Kc3 Kb5 44. Ra1 g6 45. g4 h5
46. gxf5 gxf5 47. Rg1 Kb6 48. Rg6+ Kb7 49. Rg7+ Ka6 50. Rg5 Bd1 51. Rxf5 Be2
52. Rf6+ Kb5 53. e4 dxe4 54. fxe4 Bd3 55. e5 Be4 56. e6 Kc6 57. e7+ Kd7 58.
e8=Q+ Kxe8 59. Re6+ Kd7 60. Rxe4 Kc6 61. Re5 Kd7 62. Rxh5 Kc6 63. Rc5+ Kb7
64. h4 Kb6 65. h5 Kb7 66. h6 Kb6 67. h7 Kb7 68. h8=Q Rxa7 69. Bxa7 Ka6 70.
Qf6+ Kb7 71. Qb6+ Ka8 72. Rc8# {Black checkmated} 1-0

[Event "ICC Open 2015"]
[Site "Internet Chess Club"]
[Date "2015.05.29"]
[Round "4"]
[White "bigali"]
[Black "LLEonidSTEin"]
[Result "0-1"]
[ICCResult "White forfeits on time"]
[WhiteElo "1614"]
[BlackElo "1869"]
[Opening "Caro-Kann: exchange variation"]
[ECO "B13"]
[NIC "CK.02"]
[Time "14:37:52"]
[TimeControl "180+0"]

1. e4 c6 2. d4 d5 3. exd5 cxd5 4. Nf3 Nf6 5. Bd3 Bg4 6. h3 Bxf3 7. Qxf3 e6
8. O-O Nc6 9. c3 Be7 10. Bg5 O-O 11. Re1 h6 12. Bh4 Rc8 13. Nd2 Re8 14. Rac1
Qb6 15. b3 a6 16. g4 Nh7 17. Bxe7 Nxe7 18. h4 Nf8 19. Qg3 Qc7 20. Kg2 Qxg3+
21. Kxg3 Nd7 22. f4 Nc6 23. Nf3 b5 24. Ne5 Ndxe5 25. fxe5 Re7 26. Rf1 Rec7
27. Rf3 Nxd4 28. Re3 Nc6 29. Be2 d4 30. cxd4 Nxd4 31. Rxc7 Rxc7 32. Bf3 Nxf3
33. Kxf3 Rc2 34. a4 Kf8 35. axb5 axb5 36. Rd3 Ke8 37. h5 b4 38. Kf4 Ke7 39.
Rd4 Rf2+ 40. Ke4 Re2+ 41. Kf4 Rf2+ 42. Ke4 g6 43. hxg6 fxg6 44. Rxb4 Rg2 45.
Kf4 Rf2+ 46. Ke4 g5 47. Ke3 Rg2 48. Kf3 Rd2 49. Rb7+ Kf8 50. Rb6 Kf7 51.
Rb7+ Kg6 52. Re7 Rd3+ 53. Kg2 Rxb3 54. Rxe6+ Kg7 55. Rf6 Re3 56. Re6 Re2+
57. Kg3 Re1 58. Kg2 Re2+ 59. Kg3 Re4 60. Re7+ Kf8 61. Re6 Kg7 62. Re7+ Kg6
63. Re6+ Kh7 64. Re7+ Kh8 65. Re8+ Kg7 66. Re7+ Kf8 67. Re6 Re3+ 68. Kg2
Re2+ 69. Kg3 Rxe5 {White forfeits on time} 0-1

[Event "ICC Open 2015"]
[Site "Internet Chess Club"]
[Date "2015.05.29"]
[Round "4"]
[White "SirHarmony"]
[Black "Pkopsa"]
[Result "1-0"]
[ICCResult "Black forfeits on time"]
[WhiteElo "1558"]
[BlackElo "1586"]
[Opening "Sicilian: wing gambit"]
[ECO "B20"]
[NIC "SI.48"]
[Time "14:37:32"]
[TimeControl "180+0"]

1. e4 c5 2. b4 cxb4 3. d4 d5 4. e5 Nc6 5. Nf3 Bf5 6. Be3 e6 7. Bd3 Bg6 8.
O-O Be7 9. a3 Qa5 10. Nbd2 Bxd3 11. cxd3 bxa3 12. Nb3 Qc7 13. Nc5 b6 14. Nb3
Bb4 15. Rc1 Nge7 16. Qe2 h6 17. h3 O-O 18. Nh2 a5 19. Ng4 Nf5 20. Nf6+ gxf6
21. exf6 Kh7 22. Qh5 Rg8 23. g4 Rg6 24. Kh1 Ng3+ 25. fxg3 Qxg3 26. Bf4 Qxd3
27. Na1 Nxd4 28. g5 Nf5 29. gxh6 Qe4+ 30. Qf3 Qd4 31. Rcd1 Qxf6 32. Be5 Qg5
33. Bh2 {Black forfeits on time} 1-0

[Event "ICC Open 2015"]
[Site "Internet Chess Club"]
[Date "2015.05.29"]
[Round "4"]
[White "olakenn"]
[Black "capaldi"]
[Result "0-1"]
[ICCResult "White forfeits on time"]
[WhiteElo "1626"]
[BlackElo "1872"]
[Opening "Sicilian: closed"]
[ECO "B23"]
[NIC "SI.44"]
[Time "14:37:06"]
[TimeControl "180+0"]

1. e4 c5 2. Nc3 a6 3. g3 g6 4. Bg2 Bg7 5. Nge2 e5 6. d3 Ne7 7. Be3 d6 8. Qd2
O-O 9. Bh6 Nbc6 10. h4 Nd4 11. Bxg7 Kxg7 12. h5 Rh8 13. O-O-O Bg4 14. hxg6
hxg6 15. Rxh8 Qxh8 16. Rh1 Qe8 17. Qh6+ Kf6 18. Qh4+ Ke6 19. Qxg4+ f5 20.
Nxd4+ cxd4 21. exf5+ gxf5 22. Rh6+ Kd7 23. Qh4 dxc3 24. bxc3 Rc8 25. c4 b6
26. Qf6 Rc7 27. Qxd6+ Kc8 28. Qxb6 Qf8 29. Qxa6+ Kd8 30. Qa8+ Rc8 31. Rd6+
Ke8 32. Qa4+ Kf7 33. Bd5+ Kg7 34. Qd7 Rd8 35. Qxd8 Nxd5 {White forfeits on
time} 0-1

[Event "ICC Open 2015"]
[Site "Internet Chess Club"]
[Date "2015.05.29"]
[Round "4"]
[White "VolcanoExplorer"]
[Black "Meditator"]
[Result "0-1"]
[ICCResult "White forfeits on time"]
[WhiteElo "1987"]
[BlackElo "2279"]
[Opening "Sicilian: Scheveningen (Paulsen), classical variation"]
[ECO "B85"]
[NIC "SI.23"]
[Time "14:37:53"]
[TimeControl "180+0"]

1. e4 c5 2. Nf3 d6 3. d4 cxd4 4. Nxd4 Nf6 5. Nc3 a6 6. Be2 e6 7. O-O Be7 8.
f4 O-O 9. Be3 Nc6 10. Nb3 Qc7 11. Bd3 b6 12. Nd4 Bb7 13. Nxc6 Bxc6 14. Qf3
Qb7 15. Rae1 b5 16. Bd4 b4 17. Nd1 Rfe8 18. Qe3 Nd7 19. e5 dxe5 20. fxe5
Bxg2 21. Rf2 Bd5 22. Qh3 Nf8 23. Ref1 f5 24. exf6 Bxf6 25. Qg4 Bxd4 26. Qxd4
Qe7 27. h4 Rad8 28. Rf7 Qxf7 29. Rxf7 Kxf7 30. Qf4+ Kg8 31. Ne3 e5 32. Qg4
Be6 33. Bf5 Rd4 34. Bxe6+ Nxe6 35. Qf5 Nf8 36. Ng4 Rf4 37. Qg5 Re6 38. Nxe5
Rff6 39. h5 h6 40. Qg3 Rf5 41. Kh2 Rxh5+ 42. Kg2 Rhxe5 43. Qb3 Kh8 44. Kf3
Rf6+ {White forfeits on time} 0-1

[Event "ICC Open 2015"]
[Site "Internet Chess Club"]
[Date "2015.05.29"]
[Round "4"]
[White "kolding"]
[Black "slothchess"]
[Result "0-1"]
[ICCResult "White forfeits on time"]
[WhiteElo "1770"]
[BlackElo "1567"]
[Opening "Sicilian: Canal-Sokolsky attack, 3...Bd7"]
[ECO "B52"]
[NIC "SI.01"]
[Time "14:37:47"]
[TimeControl "180+0"]

1. e4 c5 2. Nf3 d6 3. Bb5+ Bd7 4. Bxd7+ Nxd7 5. O-O Ngf6 6. Re1 g6 7. c3 e5
8. d4 Qc7 9. Bg5 Bg7 10. Na3 O-O 11. Nb5 Qb8 12. dxc5 dxc5 13. Qd2 a6 14.
Nd6 Qc7 15. Nc4 Rfe8 16. Rad1 Nf8 17. Bh6 Rad8 18. Qc1 Rxd1 19. Rxd1 Nxe4
20. Bxg7 Kxg7 21. Re1 Nd6 22. Ncxe5 f6 23. Ng4 Rxe1+ 24. Nxe1 Nf5 25. Qd2
Qd7 26. Qxd7+ Nxd7 27. Nd3 h5 28. Ne3 Nxe3 29. fxe3 Kf7 30. Nf4 Nb6 31. b3
h4 32. Kf2 g5 33. Nd3 Ke6 34. Nxc5+ Ke5 35. Nxb7 Nd5 36. c4 Nb4 37. a3 Nd3+
38. Ke2 Nc1+ 39. Kd2 Nxb3+ 40. Kc3 Nc1 41. c5 Kd5 42. e4+ Kc6 43. Nd8+ Kxc5
44. Nf7 Ne2+ 45. Kd3 Nd4 46. e5 fxe5 47. Nxe5 Kd5 48. Nf3 Nxf3 49. gxf3 Ke5
50. Ke3 Kf5 51. h3 a5 52. a4 Ke5 53. Kd3 Kf4 54. Ke2 Kg3
{White forfeits on time}
0-1

[Event "ICC Open 2015"]
[Site "Internet Chess Club"]
[Date "2015.05.29"]
[Round "4"]
[White "BlueGoose"]
[Black "PajoPatak"]
[Result "0-1"]
[ICCResult "White checkmated"]
[WhiteElo "1854"]
[BlackElo "1454"]
[Opening "Neo-Grünfeld defense"]
[ECO "D70"]
[NIC "KI.80"]
[Time "14:37:37"]
[TimeControl "180+0"]

1. d4 Nf6 2. c4 g6 3. f3 d5 4. cxd5 Nxd5 5. e4 Nb6 6. Nc3 Bg7 7. Be3 O-O 8.
Qd2 Nc6 9. O-O-O e5 10. d5 Nd4 11. f4 f6 12. Nf3 Bg4 13. Qf2 Nxf3 14. gxf3
Bd7 15. fxe5 fxe5 16. h4 Qf6 17. Be2 Nc8 18. h5 Nd6 19. hxg6 hxg6 20. Bh6
Bxh6+ 21. Rxh6 Kg7 22. Rdh1 Rh8 23. Qh2 Qf4+ 24. Qxf4 exf4 25. Rxh8 Rxh8 26.
Rxh8 Kxh8 27. e5 Nf5 28. e6 Be8 29. Bb5 c6 30. dxc6 bxc6 31. Bc4 Kg7 32. Ne4
Nd4 33. Nd2 Kf6 34. Ne4+ Ke5 35. Kd2 Nxf3+ 36. Kd3 Ne1+ 37. Ke2 Kxe4 38.
Kxe1 g5 39. Be2 f3 40. Bf1 Ke3 41. Bh3 c5 42. b3 f2+ 43. Kd1 Kf3 44. Bf1 g4
45. b4 g3 46. bxc5 g2 47. Bxg2+ Kxg2 48. Kd2 f1=Q 49. Kc3 Qb5 50. Kd4 Qc6
51. e7 Kf3 52. a3 a5 53. Kc4 Ke4 54. a4 Ke5 55. Kb3 Kd5 56. Kc3 Qxc5+ 57.
Kb3 Qxe7 58. Kc3 Qb4+ 59. Kc2 Qxa4+ 60. Kc3 Qb4+ 61. Kc2 a4 62. Kd3 a3 63.
Kc2 a2 64. Kd3 a1=Q 65. Kc2 Qac3+ 66. Kd1 Qcb3+ 67. Ke2 Q4a3 68. Kd2 Qaa2+
69. Kc1 Qbb1# {White checkmated} 0-1

[Event "ICC Open 2015"]
[Site "Internet Chess Club"]
[Date "2015.05.29"]
[Round "4"]
[White "Platyborg"]
[Black "Zablotsky"]
[Result "1-0"]
[ICCResult "Black forfeits on time"]
[WhiteElo "3102"]
[BlackElo "2811"]
[Opening "Philidor: Improved Hanham variation"]
[ECO "B07"]
[NIC "PU.08"]
[Time "14:36:58"]
[TimeControl "180+0"]

1. e4 d6 2. d4 Nf6 3. Nc3 e5 4. Nf3 Nbd7 5. Bc4 Be7 6. O-O O-O 7. Re1 c6 8.
a4 exd4 9. Nxd4 Ne5 10. Ba2 Re8 11. Bg5 h6 12. Bf4 Bd7 13. Qd2 Ng6 14. Bg3
Qa5 15. Rad1 Qb4 16. Nf5 Bxf5 17. exf5 Ne5 18. Bxe5 dxe5 19. Rxe5 Rad8 20.
Qc1 Rxd1+ 21. Nxd1 Qxa4 22. Bb3 Qd4 23. Re2 Bc5 24. Rxe8+ Nxe8 25. Ne3 Nd6
26. c3 Qe5 27. Bc2 Bxe3 28. fxe3 Nc4 29. Kf2 Qxh2 30. Bd3 Ne5 31. Be2 Qh4+
32. Kg1 Qe4 33. Qd2 Qxf5 34. b4 Qd7 35. Qc2 b6 36. Qe4 Qd5 37. Qf5 Qe6 38.
Qe4 g6 39. Qf4 Kg7 40. Qd4 Qf6 41. Qe4 h5 42. c4 Qe6 43. Qd4 f6 44. c5 Qd5
45. Qc3 b5 46. Qa3 Qd7 47. Qc3 h4 48. Qe1 h3 49. Kh2 hxg2 50. Kxg2 Qd5+ 51.
Kh2 Qe4 52. Qg3 Qxb4 53. Qg2 Qxc5 54. Qe4 Qd6 55. Kg1 Qd5 56. Qb4 a6 57.
Qe7+ Qf7 58. Qd6 Qd7 59. Qc5 Qf5 60. Qa7+ Kh6 61. Qa8 Qe4 62. Qh8+ Kg5 63.
Kf2 Ng4+ 64. Bxg4 Qxg4 65. Qb8 Qf5+ 66. Ke2 Qe5 67. Qb7 c5 68. Qg2+ Kf5 69.
Qf3+ Ke6 70. Qc6+ Qd6 71. Qe8+ Kf5 72. Qg8 Kg5 73. e4 Qe5 74. Kf3 c4 75. Qh8
Qf4+ 76. Kg2 Qxe4+ 77. Kg1 Qh4 78. Qd8 Qg4+ 79. Kf2 Qf4+ 80. Ke2 Qe5+ 81.
Kf1 c3 82. Qc8 Qf4+ 83. Kg1 Qf5 84. Qxc3 Qf4 85. Qc5+ Qe5 86. Qe3+ Kh5 87.
Qf3+ Kg5 88. Qa8 Qg3+ 89. Kf1 Qf4+ 90. Ke2 Qe5+ 91. Kd1 Qf5 92. Kc1 Qg4 93.
Kb2 Qf4 94. Qa7 Qe5+ 95. Kb3 Qf5 96. Kb4 Qe5 97. Ka5 Qf4 98. Qa8 Qa4+ 99.
Kb6 Qd4+ 100. Kb7 Qf4 101. Kb6 Qe4 102. Ka5 {Black forfeits on time} 1-0

[Event "ICC Open 2015"]
[Site "Internet Chess Club"]
[Date "2015.05.29"]
[Round "4"]
[White "Kseroks"]
[Black "eddington"]
[Result "1-0"]
[ICCResult "Black forfeits on time"]
[WhiteElo "2778"]
[BlackElo "2120"]
[Opening "Queen's pawn game"]
[ECO "D00"]
[NIC "QP.08"]
[Time "14:37:45"]
[TimeControl "180+0"]

1. d4 d5 2. c3 Bf5 3. Nf3 c6 4. Bf4 Nf6 5. Nbd2 e6 6. e3 Bd6 7. Ne5 O-O 8.
Be2 Ne4 9. g4 Bg6 10. h4 Bxe5 11. dxe5 h6 12. h5 Bh7 13. Nxe4 dxe4 14. Qc2
Nd7 15. O-O-O Qe7 16. Rhg1 Nc5 17. g5 Nd3+ 18. Bxd3 exd3 19. Qd2 Kh8 20. f3
hxg5 21. Rxg5 f6 22. Rg3 Rf7 23. Rdg1 Rg8 24. e4 Qc5 25. exf6 gxf6 26. Be3
Qc4 27. b3 Qa6 28. Kb2 Qa5 29. h6 Qc7 30. Rxg8+ Bxg8 31. Qxd3 Rh7 32. Qd4
Qf7 33. e5 f5 34. Bg5 Rxh6 35. Bxh6 Bh7 36. Qh4 f4 37. Qd8+ Bg8 38. Bg7+ Kh7
39. Bf6 Qh5 40. Qxg8+ {Black forfeits on time} 1-0

[Event "ICC Open 2015"]
[Site "Internet Chess Club"]
[Date "2015.05.29"]
[Round "4"]
[White "Fivetrick"]
[Black "Bleeksk"]
[Result "1/2-1/2"]
[ICCResult "Game drawn because neither player has mating material"]
[WhiteElo "2240"]
[BlackElo "1969"]
[Opening "Réti: King's Indian attack (Barcza system)"]
[ECO "A07"]
[NIC "QP.09"]
[Time "14:37:48"]
[TimeControl "180+0"]

1. Nf3 d5 2. g3 Nf6 3. Bg2 c6 4. O-O g6 5. b3 Bg7 6. Bb2 O-O 7. c4 Nbd7 8.
cxd5 cxd5 9. d3 b6 10. Nc3 Bb7 11. Rc1 Rc8 12. Nb5 a6 13. Nc3 Re8 14. b4 e6
15. Qb3 Qe7 16. Rc2 Rc7 17. Rfc1 Rec8 18. a3 b5 19. a4 bxa4 20. Nxa4 Rxc2
21. Rxc2 Rxc2 22. Qxc2 Qd6 23. Nc5 Nxc5 24. bxc5 Qc7 25. Be5 Qc8 26. Nd4 Ne8
27. Bxg7 Nxg7 28. c6 Ba8 29. f4 Nf5 30. Nxf5 gxf5 31. c7 Kf8 32. Qc5+ Ke8
33. e4 dxe4 34. dxe4 fxe4 35. Bf1 Kd7 36. Qd4+ Kxc7 37. Qe5+ Kd7 38. Qf6 Qe8
39. Bxa6 Kc7 40. Qe5+ Kb6 41. Bf1 Bd5 42. Qb2+ Kc7 43. Qc3+ Qc6 44. Qa5+
Qb6+ 45. Qxb6+ Kxb6 46. Kf2 Kc5 47. Ke3 f5 48. Be2 Bb3 49. Bh5 Kd6 50. Bf7
Ba4 51. Bh5 Bc6 52. Be2 Be8 53. Bc4 Ke7 54. Ba2 Bc6 55. Bb3 Kd6 56. Kd4 Bd5
57. Bd1 Ke7 58. Be2 Kf6 59. Ke3 Kg6 60. Bd1 h5 61. Be2 h4 62. Bd1 hxg3 63.
hxg3 Kf6 64. g4 Ke7 65. gxf5 exf5 66. Kd4 Ke6 67. Bh5 Bb7 68. Bg6 Kf6 69.
Bh5 Bc8 70. Bd1 Be6 71. Ke3 Bf7 72. Bc2 Bh5 73. Bxe4 fxe4 74. Kxe4 Ke6 75.
f5+ Kf6 76. Kf4 Bf7 77. Kg4 Bc4 78. Kf4 Bd3 79. Kg4 Bxf5+
{Game drawn because neither player has mating material}
1/2-1/2

[Event "ICC Open 2015"]
[Site "Internet Chess Club"]
[Date "2015.05.29"]
[Round "4"]
[White "muhit"]
[Black "Discoverchess"]
[Result "1/2-1/2"]
[ICCResult "White ran out of time and Black has no material to mate"]
[WhiteElo "2045"]
[BlackElo "2455"]
[Opening "Benkö gambit"]
[ECO "A57"]
[NIC "BI.46"]
[Time "14:37:36"]
[TimeControl "180+0"]

1. d4 Nf6 2. c4 c5 3. d5 b5 4. Nc3 a6 5. f3 b4 6. Nb1 g6 7. e4 d6 8. Be3 Bg7
9. Bd3 O-O 10. Ne2 e6 11. O-O exd5 12. cxd5 Re8 13. Bf2 Nbd7 14. Nd2 Ne5 15.
Nc4 a5 16. Nxe5 Rxe5 17. Bc4 Ba6 18. Qd3 Bxc4 19. Qxc4 Re8 20. Rac1 Nd7 21.
b3 Ne5 22. Qc2 a4 23. Nf4 Qa5 24. Nd3 axb3 25. axb3 Qa2 26. Nxe5 Bxe5 27.
Rfe1 Bc3 28. Re2 Qxc2 29. Rexc2 Ra3 30. Rb1 Rea8 31. Kf1 Ra1 32. Rcc1 R1a2
33. Bg3 R8a6 34. h4 h5 35. Kg1 Re2 36. Kh1 Raa2 37. Rg1 Ra6 38. Rgd1 Kf8 39.
Be1 Bd4 40. Rxd4 cxd4 41. Bxb4 Raa2 42. Bxd6+ Ke8 43. Be5 d3 44. b4 d2 45.
Bg3 Rb2 46. Rd1 Rxb4 47. Bf4 Rb2 48. Kh2 Rc2 49. Kg3 Kd7 50. e5 Rc4 51. Rxd2
Rxd2 52. Bxd2 Rd4 53. Bg5 Rxd5 54. Bf6 Ke6 55. Kf4 Rd2 56. g4 Rd4+ 57. Kg5
hxg4 58. fxg4 Rd1 59. h5 gxh5 60. gxh5 Rg1+ 61. Kh6 Kf5 62. Kh7 Rh1 63. h6
Rh5 64. Bg7 Ke6 65. Kg8 f5 66. exf6 Ra5 67. f7 Ra8+ 68. f8=Q Ra7 69. Qf6+
Kd5 70. Qf3+ Kd6 71. Qf4+ Ke6 72. Qe4+ Kd7 73. Qd4+ Ke7 74. Qxa7+ Ke6 75.
Qd4 Kf5 {White ran out of time and Black has no material to mate} 1/2-1/2

[Event "ICC Open 2015"]
[Site "Internet Chess Club"]
[Date "2015.05.29"]
[Round "4"]
[White "depressnyak"]
[Black "YaacovN"]
[Result "0-1"]
[ICCResult "White resigns"]
[WhiteElo "3270"]
[BlackElo "2732"]
[Opening "Queen's pawn: London system"]
[ECO "A45"]
[NIC "QP.07"]
[Time "14:38:11"]
[TimeControl "180+0"]

1. d4 Nf6 2. Bf4 e6 3. e3 Bd6 4. Bg5 h6 5. Bh4 b6 6. Nd2 Bb7 7. c3 Be7 8.
Ngf3 Ne4 9. Bxe7 Qxe7 10. Bd3 Nxd2 11. Nxd2 d6 12. Qg4 O-O 13. O-O Nd7 14.
Rae1 Nf6 15. Qh4 e5 16. f4 exd4 17. exd4 Qd7 18. h3 Rae8 19. Qf2 Rxe1 20.
Rxe1 Re8 21. Re2 Rxe2 22. Qxe2 g6 23. a3 Kg7 24. Bb5 Qd8 25. Bd3 Nh5 26. Qf2
Qf6 27. g3 Qe7 28. Nf1 Qe6 29. Qh2 Qd5 30. Be2 Nf6 31. Ne3 Qe4 32. Kf2 Qb1
33. Nd1 Ne4+ 34. Ke1 Qc1 35. Bd3 f5 36. Bxe4 Bxe4 37. Qd2 Qb1 38. Kf2 Qa2
39. g4 Qe6 40. g5 hxg5 41. fxg5 Qe8 42. Kg3 Qh8 43. Qe2 c5 44. Nf2 d5 45.
dxc5 Qb8+ 46. Kh4 Qf4+ 47. Ng4 fxg4 48. Qxg4 Qxg4+ 49. Kxg4 bxc5 50. Kf4 Kf7
51. Ke5 Bg2 52. h4 Ke7 53. b4 d4 54. cxd4 c4 55. Kf4 c3 56. Ke3 Be4 57. b5
Kd6 58. a4 c2 59. Kd2 Kd5 60. a5 Kxd4 61. b6 axb6 62. axb6 Kc5 63. b7 Bxb7
64. Kxc2 Bf3 65. Kd3 Bh5 66. Ke4 Kc4 67. Ke3 Kc3 68. Ke4 Kd2 69. Kf4 Ke2 70.
Ke4 Kf2 71. Kf4 Kg2 72. Ke4 Kh3 73. Kf4 Kxh4 74. Ke3 Kxg5 75. Kf2 Kh4 76.
Kg2 g5 77. Kf2 g4 78. Kg2 g3 {White resigns} 0-1

[Event "ICC Open 2015"]
[Site "Internet Chess Club"]
[Date "2015.05.29"]
[Round "4"]
[White "nevidimka"]
[Black "Satyricon"]
[Result "1-0"]
[ICCResult "Black forfeits on time"]
[WhiteElo "1993"]
[BlackElo "2233"]
[Opening "Trompowsky attack (Ruth, Opocenský opening)"]
[ECO "A45"]
[NIC "QP.07"]
[Time "14:37:54"]
[TimeControl "180+0"]

1. d4 Nf6 2. Bg5 d5 3. Bxf6 gxf6 4. e3 c5 5. c4 cxd4 6. Qxd4 dxc4 7. Qxd8+
Kxd8 8. Bxc4 e6 9. Nc3 a6 10. Na4 Nd7 11. Be2 b5 12. Bf3 Rb8 13. Nc3 Bb7 14.
O-O-O Ke7 15. g3 f5 16. h4 Bg7 17. Bxb7 Rxb7 18. Nge2 Rc8 19. Kb1 Nb6 20.
Rc1 Rbc7 21. Nd4 Nc4 22. Rhd1 b4 23. Nce2 a5 24. Ka1 a4 25. Rc2 a3 26. bxa3
Nxa3 27. Rxc7+ Rxc7 28. Kb2 Nc4+ 29. Kb3 Nb6 30. Kxb4 Nd5+ 31. Kb3 Ra7 32.
a4 Rb7+ 33. Nb5 Nc7 34. Nd4 Be5 35. Kb4 Nd5+ 36. Kc4 Nb6+ 37. Kb3 Nd5 38.
Rc1 Kd7 39. Rc4 Bb8 40. Nc6 Bd6 41. Nd4 Be5 42. Nc6 Bd6 43. Na5 Rb8 44. Nc6
Rb7 45. Nd4 Rb8 46. Nc2 e5 47. Nb4 Nb6 48. Nd5 Nxc4 49. Kxc4 Be7 50. Nxe7
Rc8+ 51. Nxc8 Kxc8 52. Kd5 e4 53. Ke5 f4 54. Kf5 fxg3 55. fxg3 Kd7 56. Kxe4
Kc6 57. Kf3 Kd7 58. g4 Kc6 59. g5 Kd7 60. g6 f6 61. h5 f5 62. Kf4 Ke6 63.
Kf3 {Black forfeits on time} 1-0

[Event "ICC Open 2015"]
[Site "Internet Chess Club"]
[Date "2015.05.29"]
[Round "4"]
[White "Lundendorf"]
[Black "Sherlocked"]
[Result "1-0"]
[ICCResult "Black forfeits on time"]
[WhiteElo "1841"]
[BlackElo "1957"]
[Opening "Pirc defense"]
[ECO "B07"]
[NIC "PU.04"]
[Time "14:38:03"]
[TimeControl "180+0"]

1. e4 d6 2. d4 Nf6 3. Nc3 g6 4. f3 Bg7 5. Be3 O-O 6. Nge2 e5 7. g4 exd4 8.
Nxd4 Nc6 9. g5 Nh5 10. Qd2 Ne5 11. O-O-O a6 12. f4 Ng4 13. Bg1 c5 14. Nb3
Be6 15. h3 b5 16. hxg4 Bxg4 17. Be2 Bxe2 18. Nxe2 Qe7 19. Qd5 Rad8 20. Bh2
Rfe8 21. Ng3 Nxf4 22. Qc6 Qxg5 23. Kb1 Qf6 24. c3 b4 25. Rc1 Nd3 26. Rc2
bxc3 27. bxc3 Ne5 28. Qd5 Ng4 29. Rf1 Qh4 30. Rxf7 Kh8 31. Rxg7 Kxg7 32.
Qb7+ Kh8 33. Qxa6 Nxh2 34. Qd3 Ng4 35. Ne2 Ne5 36. Qd5 Qe1+ 37. Nec1 Qh4 38.
c4 Ng4 39. Qf7 Rf8 40. Qc7 Nf6 41. e5 dxe5 42. Qxe5 Qe4 43. Qxe4 Nxe4 44.
Re2 Rfe8 45. Kc2 Nd6 46. Nxc5 Rxe2+ 47. Nxe2 Nxc4 48. Kc3 Ne5 49. Nd4 Rc8
50. Kb4 Nc6+ 51. Nxc6 Rxc6 52. Kb5 Rc8 53. Na6 Ra8 54. Ka5
{Black forfeits on time}
1-0

[Event "ICC Open 2015"]
[Site "Internet Chess Club"]
[Date "2015.05.29"]
[Round "4"]
[White "AlexSlizhevsky"]
[Black "MythBulletChess"]
[Result "1/2-1/2"]
[ICCResult "White ran out of time and Black has no material to mate"]
[WhiteElo "2044"]
[BlackElo "1570"]
[Opening "Sicilian: dragon, Yugoslav attack, 9.Bc4"]
[ECO "B77"]
[NIC "SI.18"]
[Time "14:37:40"]
[TimeControl "180+0"]

1. e4 c5 2. Nf3 d6 3. d4 cxd4 4. Nxd4 Nf6 5. Nc3 g6 6. Be3 Bg7 7. f3 Nc6 8.
Qd2 O-O 9. Bc4 a6 10. h4 h5 11. O-O-O Bd7 12. Bb3 Rc8 13. Nde2 Na5 14. Bh6
Nxb3+ 15. axb3 b5 16. Bxg7 Kxg7 17. Nf4 b4 18. Ncd5 Qa5 19. Kb1 Nxd5 20.
Nxd5 e6 21. Qd4+ e5 22. Qxb4 Qc5 23. Qxc5 Rxc5 24. Ne3 Rc6 25. Nc4 Rfc8 26.
Rxd6 Be6 27. Rxc6 Rxc6 28. Nxe5 Rb6 29. Rd1 Rb5 30. Nd3 Rb6 31. Nc5 Bc8 32.
Rd8 Rc6 33. Nd3 Be6 34. Nf4 Bc8 35. Nd5 Be6 36. c4 f5 37. Nf4 fxe4 38. Nxe6+
Rxe6 39. Rd7+ Kf6 40. Kc2 exf3 41. gxf3 Re3 42. Rd6+ Kf5 43. c5 Rxf3 44. c6
Ke5 45. c7 Rf8 46. Rd8 Rf2+ 47. Kb1 Rf1+ 48. Ka2 Rc1 49. c8=Q Rxc8 50. Rxc8
Kf4 51. Rg8 Kg4 52. Rxg6+ Kxh4 53. Rxa6 Kg4 54. Rh6 h4 55. b4 h3 56. Rxh3
Kxh3 57. b5 Kg4 58. b6 Kg5 59. b7 Kf5 60. b8=Q Ke4 61. Qc7 Ke3 62. Kb3 Ke4
63. Kc3 Kd5 64. Qc4+ Kd6 65. Kd3 Kd7 66. Qb5+ Ke7
{White ran out of time and Black has no material to mate}
1/2-1/2

[Event "ICC Open 2015"]
[Site "Internet Chess Club"]
[Date "2015.05.29"]
[Round "4"]
[White "Govindan"]
[Black "Rinazina46"]
[Result "0-1"]
[ICCResult "White forfeits on time"]
[WhiteElo "1565"]
[BlackElo "1830"]
[Opening "Sicilian defense"]
[ECO "B40"]
[NIC "SI.43"]
[Time "14:38:36"]
[TimeControl "180+0"]

1. e4 c5 2. Nf3 e6 3. g3 g6 4. Bg2 Bg7 5. O-O b6 6. c4 Bb7 7. d3 Ne7 8. Nc3
O-O 9. Bf4 d5 10. cxd5 exd5 11. e5 d4 12. Ne4 Nd5 13. Nd6 Bc6 14. Bd2 Nd7
15. Re1 Nb4 16. Qb3 Bd5 17. Nc4 b5 18. Bxb4 cxb4 19. Qxb4 bxc4 20. dxc4 Bxf3
21. Bxf3 Rb8 22. Qd2 Nc5 23. b3 Re8 24. Qf4 Nd3 25. Qg4 Nxe1 26. Rxe1 Rxe5
27. Rd1 d3 28. Bd5 Rxd5 29. cxd5 Qxd5 30. Qf4 Rd8 31. h4 d2 32. Qe3 Qd4 33.
Qe7 h5 34. Kg2 Qd5+ 35. Kg1 Rd7 36. Qe8+ Kh7 37. f3 Bd4+ 38. Kg2 Bg7 39. g4
hxg4 40. h5 Qxf3+ 41. Kg1 Bd4+ 42. Kh2 Qf2+ 43. Kh1 Qf3+ 44. Kh2 Qxd1 45.
Qxd7 Qe2+ {White forfeits on time} 0-1

[Event "ICC Open 2015"]
[Site "Internet Chess Club"]
[Date "2015.05.29"]
[Round "4"]
[White "Kenajode"]
[Black "DerpFactery"]
[Result "0-1"]
[ICCResult "White forfeits on time"]
[WhiteElo "1563"]
[BlackElo "1573"]
[Opening "Queen's Indian: old main line, 7.Nc3"]
[ECO "E18"]
[NIC "QI.09"]
[Time "14:38:28"]
[TimeControl "180+0"]

1. d4 e6 2. Nf3 Nf6 3. g3 b6 4. Bg2 Bb7 5. O-O Be7 6. c4 O-O 7. Nc3 d6 8.
Bg5 h6 9. Bxf6 Bxf6 10. e4 c5 11. d5 exd5 12. cxd5 Nd7 13. a4 Re8 14. Nd2 a6
15. Qc2 Ne5 16. Rae1 Qd7 17. h3 b5 18. f4 Ng6 19. Nf3 b4 20. Nd1 a5 21. Ne3
Ba6 22. Rf2 c4 23. Kh2 Rac8 24. h4 b3 25. Qb1 c3 26. bxc3 Rxc3 27. Bh3 Qc7
28. Nd1 Bd3 29. Qb2 Rc2 30. Qxb3 Rxf2+ 31. Nxf2 Bc2 32. Qa3 Rb8 33. Rc1 Bb2
{White forfeits on time}
0-1

[Event "ICC Open 2015"]
[Site "Internet Chess Club"]
[Date "2015.05.29"]
[Round "4"]
[White "BlackHorse97"]
[Black "Pigs"]
[Result "1-0"]
[ICCResult "Black forfeits on time"]
[WhiteElo "2381"]
[BlackElo "1938"]
[Opening "Queen's gambit declined"]
[ECO "D30"]
[NIC "QP.08"]
[Time "14:40:08"]
[TimeControl "180+0"]

1. d4 d5 2. c4 e6 3. Nf3 Nf6 4. g3 Bb4+ 5. Bd2 a5 6. Bg2 O-O 7. O-O c5 8.
Bg5 cxd4 9. cxd5 h6 10. Bxf6 Qxf6 11. Qxd4 Qxd4 12. Nxd4 Rd8 13. Nb5 Na6 14.
a3 Be7 15. N1c3 Rb8 16. Rfd1 Bf6 17. dxe6 Bxe6 18. Rxd8+ Rxd8 19. Bxb7 Nc5
20. Bf3 Nb3 21. Rd1 Rb8 22. Nc7 {Black forfeits on time} 1-0

[Event "ICC Open 2015"]
[Site "Internet Chess Club"]
[Date "2015.05.29"]
[Round "4"]
[White "RedCard"]
[Black "Tomorrowlan"]
[Result "1-0"]
[ICCResult "Black forfeits on time"]
[WhiteElo "2214"]
[BlackElo "2893"]
[Opening "Budapest: Adler variation"]
[ECO "A52"]
[NIC "QG.01"]
[Time "14:39:07"]
[TimeControl "180+0"]

1. d4 Nf6 2. c4 e5 3. dxe5 Ng4 4. Nf3 Bc5 5. e3 Nc6 6. Be2 O-O 7. O-O Re8 8.
Nc3 Ngxe5 9. Nxe5 Nxe5 10. a3 a5 11. Rb1 Ra6 12. b4 axb4 13. axb4 Bf8 14. c5
Rg6 15. Bh5 Rge6 16. f4 Nc4 17. Qd5 b5 18. Bxf7+ Kxf7 19. f5 Kg8 20. fxe6
Rxe6 21. e4 Qe8 22. Nxb5 c6 23. Qxc4 Ba6 24. Nc7 Bxc4 25. Nxe8 Bxf1 26. Nc7
Bd3 27. Rb3 Rxe4 28. Rxd3 Re1+ 29. Kf2 Rxc1 30. Rxd7 Rb1 31. Ne6 Rb2+ 32.
Ke3 Rb3+ 33. Rd3 Rb1 34. Ke2 Rxb4 35. Nxf8 Kxf8 36. Rd6 Ke7 37. Rxc6 Kd7 38.
Ra6 Rb2+ 39. Kf3 Rc2 40. Ra7+ Ke6 41. Rxg7 h5 42. Rg5 h4 43. Rh5 Rc3+ 44.
Kg4 Rc4+ 45. Kh3 Kf6 46. Rxh4 Rxc5 47. Rf4+ Kg5 48. Rf3 Rc2 49. Kg3 Kh5 50.
Rf5+ Kg6 51. Rf4 Rc3+ 52. Kg4 Rc1 53. h4 Rc6 54. g3 {Black forfeits on time}
1-0